Map: Patria vetusta

Players

MrFercho - Winner!

  • Race: Zerg Zerg
  • Spawn Location: 3:00

tigro

  • Race: Terran Terran
  • Spawn Location: 11:00

VOD

Have the link to the VOD?

Description

Time

  • Played on: July 8, 2019, 10:34 p.m.
  • Length: 60:02
Show
View Real Time Build Order
Export as new Build Order

MrFercho Zerg - Winner!

Build Orders: Pool First 

Get SALT Encoding   

  12  0:04  Drone  
  13  0:13  Overlord  
  13  0:18  Drone  
  14  0:32  Drone  
  15  0:36  Drone  
  16  0:48  Spawning Pool  
  16  0:49  Extractor  
  14  0:56  Drone x2  
  16  1:06  Drone  
  18  1:25  Drone  
  18  1:26  Drone  
  18  1:32  Overlord  
  19  1:49  Zergling x2  
  20  1:56  Extractor  
  20  1:58  Queen  
  21  2:04  Drone  
  21  2:06  Drone  
  23  2:35  Zergling x4  
  25  2:43  Hatchery  
  24  2:55  Zergling x2  
  24  2:57  Drone  
  26  3:06  Drone  
  27  3:14  Metabolic Boost, Evolution Chamber  
  26  3:28  Drone x2  
  28  3:35  Lair  
  28  3:45  Drone x2  
  30  4:15  Drone x3  
  33  4:25  Roach Warren  
  32  4:36  Zerg Ground Armor Level 1  
  32  4:54  Baneling Nest  
  32  4:58  Zergling x4  
  33  5:00  Drone  
  34  5:10  Roach  
  34  5:11  Overlord x2  
  36  5:22  Overlord  
  36  5:38  Drone x3  
  39  5:47  Centrifical Hooks  
  39  6:02  Hydralisk Den  
  38  6:10  Infestation Pit  
  33  6:54  Drone x3  
  36  7:13  Drone x3  
  39  7:45  Infestor, Swarm Host  
  46  7:51  Roach  
  46  7:58  Extractor  
  46  8:02  Extractor  
  44  8:06  Lair  
  44  8:09  Drone x3  
  47  8:22  Roach x2  
  51  8:30  Hive  
  51  8:45  Lurker Den  
  50  8:52  Spire  
  50  8:53  Drone  
  50  8:54  Drone x2  
  52  9:04  Roach  
  52  9:05  Roach  
  52  9:06  Hydralisk  
  58  9:16  Zerg Missile Weapons Level 1  
  58  9:34  Grooved Spines, Evolution Chamber  
  57  9:40  Pathogen Glands  
  57  9:51  Drone x2  
  57  9:52  Drone  
  60  10:09  Overlord  
  60  10:34  Burrow  
  60  10:38  Pneumatized Carapace  
  60  10:45  Muscular Augments  
  60  10:53  Mutalisk  
  60  10:54  Mutalisk x2  
  66  11:10  Zerg Melee Weapons Level 1  
  66  11:11  Zerg Missile Weapons Level 2  
  66  11:21  Queen  
  68  11:53  Overlord x3  
  68  11:54  Hatchery  
  67  11:59  Extractor  
  66  12:11  Overseer  
  66  12:19  Drone x3  
  66  12:21  Hive  
  69  12:30  Adrenal Glands  
  69  12:33  Adaptive Talons  
  69  12:34  Neural Parasite  
  69  12:47  Ultralisk Cavern  
  68  12:52  Drone x3  
  71  13:12  Drone x3  
  74  13:40  Ravager x2  
  74  13:41  Ravager  
  77  13:48  Roach x3  
  58  16:24  Drone x3  
  61  17:13  Corruptor x3  
  61  17:15  Extractor  
  66  17:16  Ultralisk  
  66  17:17  Ultralisk  
  78  17:31  Extractor, Hatchery  
  78  17:34  Extractor  
  75  17:59  Roach x2  
  75  18:00  Roach x4  
  87  18:09  Overlord x3  
  87  18:35  Hydralisk  
  87  18:36  Hydralisk x2  
  93  18:46  Viper  
  102  19:01  Zergling x6  
  105  19:07  Zerg Melee Weapons Level 2  
  105  19:08  Zerg Missile Weapons Level 3  
  105  19:10  Chitinous Plating  
  105  19:26  Glial Reconstitution  
  105  20:03  Drone x3  
  105  20:04  Drone x2  
  110  20:08  Nydus Network  
  109  20:23  Spore Crawler x2  
  109  20:27  Spore Crawler  
  106  20:28  Spore Crawler  
  106  20:29  Anabolic Synthesis, Spore Crawler  
  104  20:37  Corruptor x2  
  104  20:38  Corruptor  
  110  20:44  Tunneling Claws  
  110  20:48  Corruptor x2  
  110  20:49  Corruptor  
  116  21:10  Drone x3  
  119  21:21  Overlord x2  
  119  21:23  Zerg Ground Armor Level 2  
  119  21:58  Drone x2  
  119  21:59  Drone  
  122  22:44  Overlord  
  122  23:33  Nydus Canal  
  122  23:39  Zerg Melee Weapons Level 3  
  122  23:45  Viper  
  122  23:47  Mutalisk x3  
  131  24:10  Overlord x3  
  131  24:14  Zergling x2  
  131  24:15  Zergling x2  
  133  24:22  Ultralisk  
  139  24:26  Zergling x4  
  97  26:30  Hydralisk x3  
  103  26:38  Roach x2  
  103  26:39  Roach  
  109  27:55  Hatchery  
  108  27:59  Extractor  
  108  28:00  Extractor  
  107  28:13  Lurker x2  
  107  28:17  Baneling  
  107  28:18  Baneling  
  108  28:30  Zerg Ground Armor Level 3  
  108  28:43  Mutalisk x4  
  108  28:44  Mutalisk x2  
  120  28:56  Roach  
  120  28:57  Roach x5  
  132  29:03  Overlord x2  
  132  29:04  Overlord  
  132  29:09  Queen  
  134  29:18  Zergling x6  
  134  29:19  Zergling x4  
  138  30:37  Ravager x2  
  138  30:38  Ravager  
  141  30:48  Hatchery  
  140  30:52  Extractor x2  
  138  31:08  Zerg Flyer Weapons Level 1  
  57  32:28  Mutalisk  
  57  32:29  Extractor, Mutalisk x4  
  64  32:30  Mutalisk  
  64  32:32  Extractor  
  64  32:36  Hatchery  
  66  32:37  Roach x2  
  66  32:38  Roach x3  
  66  32:39  Roach  
  78  32:46  Queen  
  80  33:03  Zerg Flyer Armor Level 1  
  80  33:07  Queen  
  82  33:40  Spire x3  
  79  33:44  Ultralisk x3  
  97  33:49  Zergling x6  
  100  33:56  Infestor x3  
  124  34:37  Corruptor x2  
  124  34:38  Corruptor  
  130  34:52  Drone x3  
  73  36:20  Zergling x4  
  73  36:21  Zergling x2  
  73  36:25  Zergling x6  
  79  36:30  Zergling x6  
  82  36:56  Infestor x2  
  86  37:05  Corruptor  
  86  37:06  Corruptor x2  
  92  37:10  Zerg Flyer Weapons Level 2  
  92  37:11  Zerg Flyer Armor Level 2  
  92  37:13  Greater Spire  
  92  37:30  Overlord  
  92  37:31  Overlord  
  92  37:38  Ultralisk  
  92  37:39  Ultralisk x2  
  110  37:47  Mutalisk x4  
  110  37:48  Hydralisk x2  
  110  37:49  Hydralisk  
  124  38:03  Roach  
  124  38:04  Roach x2  
  130  38:10  Infestor x2  
  130  38:11  Infestor  
  136  40:39  Ravager x2  
  136  40:40  Ravager  
  139  40:44  Corruptor x3  
  145  41:08  Zerg Flyer Weapons Level 3  
  145  41:15  Brood Lord x3  
  145  41:18  Corruptor x3  
  153  41:21  Corruptor x2  
  153  41:22  Corruptor  
  163  41:26  Corruptor  
  163  41:27  Corruptor x6  
  163  41:28  Corruptor  
  163  41:31  Overlord x2  
  179  41:36  Overlord  
  105  43:25  Corruptor x3  
  113  43:34  Ultralisk x3  
  125  43:41  Roach  
  125  43:42  Roach x2  
  125  43:45  Zerg Flyer Armor Level 3  
  130  45:44  Baneling x4  
  130  45:45  Baneling x5  
  130  45:46  Baneling x2  
  130  45:54  Brood Lord x2  
  130  45:55  Brood Lord  
  136  46:20  Roach x3  
  113  50:08  Extractor  
  113  50:13  Extractor  
  111  50:20  Extractor  
  110  50:37  Hatchery  
  109  50:55  Corruptor x3  
  109  50:56  Corruptor  
  117  51:00  Roach x3  
  117  51:03  Ultralisk x3  
  141  51:20  Ultralisk  
  141  51:21  Mutalisk x2  
  141  51:22  Hydralisk x3  
  149  51:54  Brood Lord  
  149  51:55  Brood Lord  
  149  51:56  Brood Lord  
  149  53:15  Zergling x6  
  149  53:18  Zergling x2  
  149  53:19  Zergling x4  
  155  53:23  Zergling x6  
  158  53:27  Roach  
  158  53:28  Roach x4  
  168  53:36  Overlord x2  
  168  53:37  Overlord  
  168  54:18  Baneling x2  
  168  54:19  Baneling x6  
  168  54:20  Baneling x4  
  168  54:28  Corruptor x3  
  174  54:33  Hydralisk x3  
  180  54:42  Infestor  
  180  54:43  Infestor  
  180  54:44  Ultralisk  
  190  54:51  Ravager x4  
Show
View Real Time Build Order
Export as new Build Order

tigro Terran 

Build Orders:  

Get SALT Encoding   

  12  0:06  SCV  
  13  0:18  Supply Depot  
  13  0:21  SCV  
  14  0:32  Refinery  
  14  0:34  SCV  
  15  0:56  Barracks  
  15  1:07  Refinery  
  15  1:08  SCV  
  16  1:20  SCV  
  18  1:32  SCV  
  18  1:44  SCV  
  19  1:48  Engineering Bay  
  19  1:50  Marine  
  20  2:08  Marine  
  21  2:21  Barracks, Terran Infantry Weapons Level 1  
  21  2:26  Marine  
  22  2:43  Marine  
  23  3:14  Supply Depot  
  23  3:15  Barracks Tech Lab  
  23  3:22  Barracks Tech Lab  
  23  3:44  Marauder  
  25  3:48  Combat Shield  
  25  3:50  Command Center  
  25  4:02  Orbital Command  
  25  4:05  Marauder  
  27  4:15  Terran Infantry Armor Level 1  
  27  4:27  Marauder, Missile Turret  
  29  4:39  Marine  
  30  4:57  Marine  
  31  5:11  Planetary Fortress  
  31  5:12  Refinery  
  31  5:14  Marine  
  32  5:32  Marine  
  33  5:48  Stimpack  
  33  5:50  Marine  
  33  5:53  SCV  
  35  6:05  SCV  
  35  6:08  Reaper  
  35  6:09  Hi-Sec Auto Tracking  
  37  6:17  SCV  
  38  6:29  SCV  
  38  6:30  Factory  
  39  6:40  Reaper  
  39  6:41  SCV  
  39  7:06  Neosteel Armor  
  39  7:12  Reaper  
  39  7:14  Marine  
  41  7:17  Refinery  
  41  7:22  Factory Tech Lab  
  41  7:28  Concussive Shells  
  41  7:32  Marine  
  42  7:40  Armory  
  42  7:50  Marine  
  43  8:03  Infernal Pre-Igniter  
  43  8:08  Marine  
  44  8:25  Marine  
  45  8:28  Missile Turret  
  45  8:41  Terran Vehicle Weapons Level 1  
  45  8:46  Terran Infantry Weapons Level 2  
  45  9:10  Supply Depot  
  45  9:22  Mag-Field Accelerator  
  45  9:32  Thor  
  51  9:42  Bunker  
  51  9:50  Missile Turret  
  51  10:15  Siege Tank  
  54  10:35  Terran Vehicle And Ship Armor Level 1, Missile Turret  
  54  11:02  Drilling Claws, Terran Infantry Armor Level 2  
  54  11:19  Starport  
  54  12:05  Missile Turret  
  54  12:20  Smart Servos  
  54  12:25  Supply Depot  
  54  12:30  Terran Ship Weapons Level 1  
  54  12:38  Missile Turret  
  54  12:46  Siege Tank, SCV  
  58  12:55  Supply Depot  
  58  12:58  SCV  
  59  13:09  Starport Tech Lab  
  59  13:11  SCV  
  60  13:18  Siege Tank  
  63  13:23  SCV  
  64  13:27  Bunker  
  64  13:37  Fusion Core  
  64  13:51  Siege Tank  
  67  14:22  Rapid Reignition System  
  67  14:23  Terran Vehicle Weapons Level 2  
  67  14:24  Missile Turret  
  67  14:42  Supply Depot  
  67  14:44  Battlecruiser, Weapon Refit  
  70  15:18  Corvid Reactor  
  70  15:22  Missile Turret  
  70  15:38  Missile Turret  
  70  16:36  Thor  
  70  16:37  Cloaking Field  
  70  16:38  Refinery  
  76  16:49  Refinery  
  76  17:30  Missile Turret  
  76  17:47  Supply Depot  
  76  17:55  Medivac  
  76  17:56  Hyperflight Rotors  
  78  18:09  Thor  
  84  18:14  Terran Ship Weapons Level 2  
  84  18:25  Medivac  
  86  19:15  Supply Depot  
  86  19:36  Thor  
  92  19:39  Viking  
  94  19:52  Supply Depot  
  94  19:57  Advanced Ballistics  
  94  20:14  Viking, Marine  
  94  20:20  Supply Depot  
  97  20:22  Marine  
  98  20:30  Terran Vehicle Weapons Level 3  
  98  20:32  Marine  
  99  20:40  Marine  
  99  20:42  Thor  
  106  20:44  Viking, Supply Depot  
  106  20:49  Marine  
  109  20:58  Marine  
  110  21:07  Marine  
  111  21:14  Viking  
  111  21:16  Marine  
  114  21:25  Marine, Siege Tank  
  118  21:49  Missile Turret  
  118  22:06  Supply Depot  
  118  22:27  Viking, Marine  
  118  22:28  Siege Tank  
  124  22:57  Medivac  
  126  23:00  Supply Depot  
  126  23:19  Siege Tank  
  129  23:51  Siege Tank  
  132  24:00  Battlecruiser  
  138  24:36  Refinery  
  138  25:24  Command Center  
  138  25:42  SCV  
  139  25:49  Missile Turret  
  139  25:54  SCV  
  140  25:59  Battlecruiser  
  131  26:27  Missile Turret  
  131  26:45  Thor  
  137  27:03  Battlecruiser, Missile Turret  
  137  27:05  Planetary Fortress  
  143  27:28  Thor  
  149  28:04  Missile Turret  
  149  28:07  Battlecruiser  
  155  28:14  Supply Depot  
  158  28:45  Siege Tank  
  158  29:17  Siege Tank  
  158  29:20  Refinery  
  161  29:49  Siege Tank  
  164  30:40  Missile Turret  
  164  31:03  Supply Depot  
  164  31:14  Siege Tank  
  149  31:22  Marine  
  149  31:26  Marine  
  150  31:40  Marine  
  150  31:44  Marine  
  150  31:46  Thor  
  158  31:57  Marine  
  159  32:02  Marine  
  160  32:15  Marine  
  160  32:19  Marine  
  162  32:33  Marine  
  163  32:37  Marine  
  164  32:46  Missile Turret  
  164  34:01  Battlecruiser  
  170  35:02  Thor  
  171  35:22  Battlecruiser  
  162  36:26  Battlecruiser  
  168  38:57  Supply Depot  
  168  39:11  Refinery  
  168  39:18  Thor  
  168  39:19  Battlecruiser  
  177  40:15  Siege Tank  
  180  41:18  Siege Tank  
  183  41:50  Siege Tank  
  186  41:58  Command Center  
  173  42:23  Siege Tank  
  158  42:55  Siege Tank  
  104  43:51  Planetary Fortress  
  104  44:08  Battlecruiser  
  110  44:16  Thor  
  104  44:58  Thor  
  110  45:12  Battlecruiser  
  101  45:31  Marine  
  101  45:35  Marine  
  103  45:41  Thor  
  103  45:49  Marine  
  104  45:53  Marine  
  105  46:07  Marine  
  105  46:10  Marine  
  107  46:17  Battlecruiser  
  113  46:24  Thor  
  113  46:25  Marine  
  120  46:28  Marine  
  121  46:43  Marine  
  121  46:46  Marine  
  122  46:57  Missile Turret  
  122  47:00  Marine  
  123  47:04  Marine  
  123  47:07  Thor  
  130  47:18  Marine  
  130  47:21  Battlecruiser  
  130  47:22  Marine  
  124  47:34  Refinery  
  124  47:36  Marine  
  125  47:39  Marine  
  125  47:50  Thor  
  130  47:54  Marine  
  120  48:16  Bunker  
  120  48:25  Medivac  
  75  48:55  Medivac  
  59  49:25  Medivac  
  55  49:38  Thor  
  55  49:55  Battlecruiser  
  55  49:56  Refinery  
  61  50:14  Marine  
  61  50:18  Marine  
  61  50:20  Thor  
  69  50:32  Marine  
  70  50:36  Marine  
  71  50:50  Marine  
  71  50:53  Marine  
  73  50:59  Battlecruiser  
  79  51:08  Marine  
  80  51:11  Marine  
  81  51:26  Marine  
  81  51:28  Siege Tank  
  81  51:29  Marine  
  68  51:43  Marine  
  65  51:47  Marine  
  66  52:00  Siege Tank  
  69  52:01  Marine  
  69  52:04  Battlecruiser  
  69  52:05  Marine  
  75  52:19  Marine  
  72  52:22  Marine  
  68  52:32  Siege Tank  
  67  52:37  Marine  
  67  52:40  Marine  
  69  52:55  Marine  
  69  52:58  Marine  
  70  53:04  Siege Tank  
  71  53:08  Battlecruiser  
  76  53:13  Marauder  
  78  53:34  Marauder  
  78  53:36  Siege Tank  
  78  53:38  Marauder  
  85  53:56  Marauder  
  85  53:59  Marauder  
  89  54:09  Siege Tank  
  98  54:17  Marauder  
  98  54:21  Marauder  
  102  54:26  Battlecruiser  
  102  54:39  Marauder  
  102  54:40  Thor  
  102  54:42  Marauder  
  112  55:00  Marauder  
  112  55:03  Marauder  
  112  55:21  Marauder  
  112  55:23  Thor  
  112  55:24  Marine  
  107  56:07  Hellbat  
  103  56:28  Siege Tank  
  103  56:32  Marauder  
  16  58:21  Barracks  
  16  58:23  SCV  
  13  58:35  SCV  
  7  59:19  Engineering Bay  
  7  59:24  Supply Depot  
Tags
 
Matchup
TvZ
Opening
Pool First
Replay Pack
MrFercho
Spawn Locations
Cross Positions
Add a new tag
Caveats
  • Supply blocks, unpowered buildings, or Contaminate may cause inaccurate times.
  • Supply counts are checked every 10 seconds.